 Dungeon Crawl Stone Soup version 0.31-a0-232-gb1c03b2570 (webtiles) character file.

Game seed: 5847009155382951585

79 Ijustatesigmund the Stinger (level 4, -7/28 HPs)
             Began as an Octopode Venom Mage on July 7, 2023.
             Mangled by an iguana (13 damage)
             ... on level 3 of the Dungeon.
             The game lasted 00:02:52 (2046 turns).

Ijustatesigmund the Stinger (Octopode Venom Mage)   Turns: 2046, Time: 00:02:53

Health: -7/28      AC:  1    Str:  7    XL:     4   Next: 38%
Magic:  7/7        EV: 13    Int: 19    God:
Gold:   152        SH:  0    Dex: 12    Spells: 2/8 levels left

rFire   . . .        d - +0 spear
rCold   . . .        (no shield)
rNeg    . . .        (helmet restricted)
rPois   .            c - amulet of magic regeneration
rElec   .            e - ring of see invisible
rCorr   .            (no ring)
SInv    +            (no ring)
Will    .....        (no ring)
Stlth   +++          (no ring)
HPRegen 0.24/turn    (no ring)
MPRegen 0.50/turn    (no ring)
                     (no ring)

%: no passive effects
@: no status effects
A: almost no armour, amphibious, 8 rings, camouflage 1, gelatinous body 1,
(nimble swimmer 1), tentacles
a: no special abilities


You were on level 3 of the Dungeon.
You visited 1 branch of the dungeon, and saw 3 of its levels.

You collected 152 gold pieces.

Inventory:

Hand Weapons
 d - a +0 spear (weapon)
Missiles
 f - a throwing net
Jewellery
 c - an amulet of magic regeneration (around mantle)
 e - a ring of see invisible (left tentacle)
Scrolls
 b - a scroll of vulnerability {unknown}
 g - a scroll of enchant weapon {unknown}
Potions
 a - a potion of magic
 h - a potion of brilliance {unknown}
 i - a potion of mutation {unknown}


   Skills:
 + Level 1.5 Fighting
 - Level 2.0 Dodging
 - Level 2.6 Stealth
 + Level 2.6 Spellcasting
 + Level 1.0 Conjurations
 - Level 1.0 Transmutations
 + Level 1.4 Air Magic
 + Level 4.3 Poison Magic


You had 2 spell levels left.
You knew the following spells:

 Your Spells              Type           Power      Damage    Failure   Level
a - Sting                 Tmut/Pois      48%        1d5       5%          1
b - Poisonous Vapours     Pois/Air       26%        N/A       8%          2
c - Mephitic Cloud        Conj/Pois/Air  11%        N/A       19%         3

Your spell library contained the following spells:

 Spells                   Type           Power      Damage    Failure   Level
 Static Discharge         Conj/Air       14%        2-3/arc   14%         2
 Slow                     Hex            8%         N/A       16%         1
 Olgreb's Toxic Radiance  Pois           18%        N/A       26%         4
 Dazzling Flash           Conj/Hex       8%         N/A       36%         3
 Confusing Touch          Hex            2%         N/A       43%         3
 Vampiric Draining        Necr           2%         2d6       43%         3
 Volatile Blastmotes      Fire/Tloc      4%         2d10      43%         3
 Airstrike                Air            3%         2d(1-17)  65%         4
 Summon Lightning Spire   Summ/Air       5%         N/A       75%         4
 Iskenderun's Mystic Bla  Conj/Tloc      4%         2d3       77%         4
 Starburst                Conj/Fire      2%         6d3       100%        6


Dungeon Overview and Level Annotations

Branches:
Dungeon (3/15)

Altars:

Annotations:
D:3 1 transporter


Innate Abilities, Weirdness & Mutations

You cannot wear most types of armour.
You are amphibious.
You can wear up to eight rings at the same time.
Your skin changes colour to match your surroundings (Stealth+).
Your rubbery body absorbs attacks. (AC +1, EV +1)
((You are camouflaged when in or above water. (Stealth+)))
You have tentacles for arms and can constrict up to eight enemies at once.


Message History

The ball python is heavily wounded.
You kill the ball python!
You start resting.
Magic restored.
You start resting.
HP restored.
Things that are here:
a +0 short sword; a ball python corpse
Things that are here:
a +0 short sword; an orc corpse
g - a scroll labelled VAUVEOLEYL An iguana comes into view.
Casting: Poisonous Vapours (safe; 8% risk of failure)
Confirm with . or Enter, or press ? or * to list all spells.
Aiming: Poisonous Vapours (safe; 8% risk of failure)
Press: ? - help, Dir - move target, f - iguana
Aim: an iguana (wandering, hasn't noticed you) Poisonous vapours surround the iguana!
The iguana is poisoned.
The iguana hisses angrily.
Casting: Poisonous Vapours (safe; 8% risk of failure)
Confirm with . or Enter, or press ? or * to list all spells.
Aiming: Poisonous Vapours (safe; 8% risk of failure)
Press: ? - help, Dir - move target, f/p - iguana
Aim: an iguana (lightly wounded, poisoned) Poisonous vapours surround the iguana!
The iguana looks even sicker.
You hit the iguana but do no damage. You grab the iguana.
The iguana is heavily wounded.
You constrict the iguana, but do no damage.
The iguana bites you!
You hit the iguana.
The iguana is severely wounded.
You constrict the iguana, but do no damage.
The iguana bites you!
Ouch! That really hurt!
* * * LOW HITPOINT WARNING * * *
You hit the iguana but do no damage.
You squeeze the iguana, but do no damage.
The iguana is severely wounded.
You constrict the iguana, but do no damage.
The iguana bites you!
You die...

.. ###...###©##....
....####.......###...# ###
.....................#...
.....................#.###
#...#..#.#...<>#.........
.#.#####..#..#.#...............
.#...............÷#..#)........
.....o.....##..#.........#.##
......##......@l.....##.......
#.###.##...##....####.##.#.#.#
#.##...............# (. .....
#.###.##.......####.#.#. #...#
# #..))....#.##..# ###.$ #..#
###.###......##...# .. ..#
......####.#....##.# #. .#
###.#.# #.#.##.# .. # #.#.#
#.... #


You could see an iguana (poisoned).

Vanquished Creatures
  2 adders (D:2)
  2 worms (D:2)
  2 dart slugs (D:1)
  3 orcs
  3 ball pythons
  3 bats
  3 endoplasms
  5 giant cockroaches
  5 goblins
  A hobgoblin (D:2)
  3 jackals (D:2)
  4 kobolds
  5 quokkas
  2 rats (D:1)
43 creatures vanquished.

Notes
Turn   | Place    | Note
-------+----------+-------------------------------------------
     0 | D:1      | Ijustatesigmund the Octopode Venom Mage began the quest for
                  | the Orb.
     0 | D:1      | Reached XP level 1. HP: 11/11 MP: 3/3
   169 | D:1      | Reached XP level 2. HP: 14/18 MP: 5/5
   172 | D:1      | Learned a level 2 spell: Poisonous Vapours
   494 | D:1      | Reached skill level 1 in Fighting
   509 | D:1      | Reached skill level 4 in Poison Magic
   711 | D:2      | Reached XP level 3. HP: 19/23 MP: 3/6
   715 | D:2      | Learned a level 3 spell: Mephitic Cloud
   884 | D:2      | Reached skill level 1 in Air Magic
  1670 | D:2      | Reached XP level 4. HP: 27/28 MP: 7/7
  1721 | D:3      | Found a transporter.
  1952 | D:2      | Reached skill level 1 in Conjurations
  2046 | D:3      | Mangled by an iguana

Illustrated notes

Levels and vault maps discovered:
D:1:      tekkud_arrival_beachfront_property, layout_basic,
          kennysheep_small_spiral
D:2:      layout_basic
D:3:      layout_basic, basic_ecumenical_altar, gammafunk_ghost_abyssal_escape,
          minmay_misc_feat_square, minmay_pentomino_pile

Skill      XL: |  1  2  3  4 |
---------------+-------------+-----
Fighting       | 1 |  1.5
Poison Magic   | 4 |  4.3
Air Magic      | 1 |  1.4
Conjurations   | 1 |  1.0
Dodging        | |  2.0
Stealth        | |  2.6
Spellcasting   | |  2.6
Transmutations | |  1.0

Action                     |  1- 3 |  4- 6 || total
---------------------------+-------+-------++-------
  Melee: Spear             |    75 |    30 ||   105
         Unarmed           |     8 |       ||     8
         Constrict         |    16 |     6 ||    22
         Tentacles         |    13 |     3 ||    16
   Cast: Sting             |     1 |       ||     1
         Poisonous Vapours |    17 |     9 ||    26
    Use: Scroll            |     5 |       ||     5
   Stab: Sleeping          |     6 |     1 ||     7
 Armour: Skin              |     7 |     2 ||     9
  Dodge: Dodged            |    32 |    19 ||    51

Table legend: (Time is in decaauts)
 A = Elapsed time spent in this place.
 B = Non-inter-level travel time spent in this place.
 C = Inter-level travel time spent in this place.
 D = Time resting spent in this place.
 E = Time spent auto-exploring this place.
 F = Levels seen in this place.
 G = Mean time per level.
                   A        B        C        D        E       F      G
               +--------+--------+--------+--------+--------+-----+--------+
         Total |   2057 |   2004 |     53 |    406 |   1251 |   3 |  685.7 |
       Dungeon |   2057 |   2004 |     53 |    406 |   1251 |   3 |  685.7 |
               +--------+--------+--------+--------+--------+-----+--------+

Top non-repeatable levels by time:
     D:2: 1316 daAuts
     D:1: 642 daAuts
     D:3: 97 daAuts
